 Dungeon Crawl Stone Soup version 0.17.0-28-g6e173f8 (webtiles) character file.

483 lorenzova the Conjurer (level 6, 0/32 HPs)
             Began as a Deep Elf Conjurer on Nov 29, 2015.
             Slain by a human zombie (7 damage)
             ... in an ossuary.
             The game lasted 00:15:28 (4260 turns).

lorenzova the Conjurer (Deep Elf Conjurer)          Turns: 4260, Time: 00:15:28

Health: 0/32       AC:  3    Str:  5    XL:     6   Next: 88%
Magic:  8/27       EV: 13    Int: 22    God:
Gold:   28         SH:  0    Dex: 18    Spells: 2 memorised, 14 levels left

rFire  . . .     SeeInvis .     s - +4 club
rCold  . . .     Clarity  .     a - +0 robe
rNeg   + . .     SustAt   .     (no shield)
rPois  .         Gourm    .     (no helmet)
rElec  .         Spirit   .     (no cloak)
rCorr  .         Warding  +     x - +0 pair of gloves {Dex+3}
rMut   .         Stasis   .     (no boots)
MR     .....                    l - amulet of warding
Stlth  ++........               p - ring of magical power
                                n - ring of wizardry

@: not resistant to hostile enchantments, unstealthy
A: no striking features
a: no special abilities


You were in an ossuary.
You were not hungry.

You visited 1 branch of the dungeon, and saw 4 of its levels.
You also visited: Ossuary.

You collected 245 gold pieces.
You spent 217 gold pieces at shops.

Inventory:

Hand Weapons
 f - a +3 short sword
 s - a +4 club (weapon)
Armour
 a - a +0 robe (worn)
 x - a +0 pair of gloves of dexterity (worn)
Jewellery
 l - an amulet of warding (around neck)
 m - an uncursed amulet of resist corrosion
 n - a ring of wizardry (left hand)
 p - a ring of magical power (right hand)
Scrolls
 d - 6 scrolls of identify {unknown}
 e - a scroll of recharging {unknown}
 h - a scroll of remove curse {unknown}
 o - a scroll of fear {unknown}
 y - 2 scrolls of blinking
 z - a scroll of enchant weapon {unknown}
 B - a scroll of noise {unknown}
Potions
 g - 2 potions of might {unknown}
 j - a potion of cure mutation {unknown}
 q - a potion of poison {unknown}
 r - a potion of mutation {unknown}
 t - a potion of heal wounds {unknown}
 u - a potion of ambrosia {unknown}
 v - a potion of lignification {unknown}
 A - a potion of berserk rage {unknown}
 D - a potion of invisibility {unknown}
Books
 b - a book of Conjurations

   Spells                             Type                      Level
   a - Magic Dart                     Conjuration                  1
   b - Searing Ray                    Conjuration                  2
   c - Dazzling Spray                 Conjuration/Hexes            3
   d - Fulminant Prism                Conjuration/Hexes            4
   e - Iskenderun's Mystic Blast      Conjuration                  4
   f - Iskenderun's Battlesphere      Conjuration/Charms           5
Comestibles
 c - 3 bread rations
 i - a beef jerky
 k - 4 fruits
 w - 2 meat rations
 C - 3 chunks of flesh


   Skills:
 - Level 2.4 Dodging
 - Level 2.4 Stealth
 + Level 7.1 Spellcasting
 + Level 7.3 Conjurations


You had 14 spell levels left.
You knew the following spells:

 Your Spells              Type           Power        Failure   Level  Hunger
a - Magic Dart            Conj           ####         1%          1    None
x - Iskenderun's Mystic   Conj           #####...     1%          4    ###....


Dungeon Overview and Level Annotations

Branches:
Dungeon (4/15)
 Temple: D:4-7

Altars:

Shops:
D:4 [(*?


Message History

The mystic blast hits the human zombie.
The hound zombie barely misses you. The human zombie closely misses you.
Casting: Iskenderun's Mystic Blast
Confirm with . or Enter, or press ? or * to list all spells.
Aiming: Iskenderun's Mystic Blast
Press: ? - help, Shift-Dir - straight line, f/p - elf zombie
Aim: an elf zombie The orb of energy hits the elf zombie.
The orb of energy explodes!
The mystic blast hits the hound zombie.
The mystic blast hits the human zombie.
The hound zombie bites you. The orc zombie misses you. The elf zombie hits you.
The elf zombie hits you.
The hound zombie bites you but does no damage.
Unknown command.
The human zombie closely misses you. The orc zombie closely misses you.
The elf zombie hits you. x2
You barely miss the jackal zombie. The hound zombie bites you.
* * * LOW HITPOINT WARNING * * *
The jackal zombie bites you but does no damage.
The human zombie hits you!
You die...

.....#####.....
...............
...............
...............
...............
...............
.......ZZ......
......Z@Z......
.....ZZZZ......
......ZZ.......
...............
...............
...............
...............
...............
...............


You could see 2 jackal zombies, a hound zombie, 2 orc zombies, 3 elf zombies and
2 human zombies.

Vanquished Creatures
  The ghost of M4edhros the Charlatan, a weakling OpAr (D:4)
  2 hounds (D:4)
  A worker ant (D:4)
  A centaur skeleton (D:4)
  Jessica (D:3)
  Terence (D:2)
  An orc wizard (D:3)
  An iguana (D:4)
  7 gnolls (D:3)
  5 adders
  3 worms
  11 orcs
  2 ball pythons (D:3)
  11 bats
  2 giant cockroaches (D:1)
  10 goblins
  5 hobgoblins
  15 jackals
  8 kobolds
  2 giant geckos (D:1)
  5 giant newts
  A goblin zombie (Ossuary)
  A jackal zombie (Ossuary)
  3 quokkas
  A quokka skeleton (D:4)
  10 rats
111 creatures vanquished.

Notes
Turn   | Place    | Note
--------------------------------------------------------------
     0 | D:1      | lorenzova the Deep Elf Conjurer began the quest for the Orb.
     0 | D:1      | Reached XP level 1. HP: 10/10 MP: 6/6
   147 | D:1      | Reached XP level 2. HP: 15/15 MP: 5/8
   211 | D:1      | Reached skill level 5 in Conjurations
   740 | D:2      | Reached XP level 3. HP: 19/19 MP: 7/10
   783 | D:2      | Noticed Terence
  1922 | D:3      | Reached XP level 4. HP: 24/24 MP: 12/12
  1929 | D:3      | Learned a level 4 spell: Iskenderun's Mystic Blast
  2328 | D:2      | Killed Terence
  2479 | D:3      | Noticed Jessica
  2482 | D:3      | Killed Jessica
  2482 | D:3      | Reached skill level 5 in Spellcasting
  2482 | D:3      | Reached skill level 6 in Conjurations
  2482 | D:3      | Reached XP level 5. HP: 28/28 MP: 14/14
  3368 | D:3      | Reached XP level 6. HP: 26/32 MP: 17/17
  3759 | D:4      | Found Dicoi's Antique Weapon Shop.
  3761 | D:4      | Found Estroulu's Antique Armour Boutique.
  3765 | D:4      | Noticed M4edhros's ghost (weakling OpAr)
  3770 | D:4      | Killed M4edhros's ghost
  3817 | D:4      | Bought a pair of glowing gloves for 112 gold pieces
  3924 | D:4      | Reached skill level 7 in Conjurations
  4032 | D:4      | Found Caiz's Magic Scroll Shop.
  4040 | D:4      | Bought a scroll of blinking for 105 gold pieces
  4045 | D:4      | Found Limuxedo's General Store.
  4233 | D:4      | Found a sand-covered staircase.
  4251 | Ossuary  | Entered an ossuary
  4260 | Ossuary  | Slain by a human zombie

Action                   |  1- 3 |  4- 6 || total
-------------------------+-------+-------++-------
Melee: Short sword       |     2 |       ||     2
       Club              |       |    10 ||    10
 Cast: Magic Dart        |    77 |   153 ||   230
       Iskenderun's Myst |       |    18 ||    18
 Stab: Sleeping          |       |     1 ||     1
  Eat: Chunk             |     2 |    10 ||    12
